 Dungeon Crawl Stone Soup version 0.30-a0-170-g85af917532 (webtiles) character file.

Game seed: 11404976058119054188

25 LnG the Caller (level 3, -2/20 HPs)
             Began as a Kobold Summoner on Sept 30, 2022.
             Slain by an orc
             ... wielding a +0 vorpal trident
              (8 damage)
             ... on level 2 of the Dungeon.
             The game lasted 00:03:32 (1370 turns).

LnG the Caller (Kobold Summoner)                    Turns: 1370, Time: 00:03:33

Health: -2/20      AC:  2    Str:  5    XL:     3   Next: 20%
Magic:  3/6        EV: 15    Int: 18    God:
Gold:   6          SH:  0    Dex: 15    Spells: 0/6 levels left

rFire   . . .      SeeInvis .    d - +0 dagger
rCold   . . .      Faith    .    (no shield)
rNeg    . . .      Spirit   .    a - +0 robe
rPois   .          Reflect  .    (no helmet)
rElec   .          Harm     .    (no cloak)
rCorr   .          Rampage  .    (no gloves)
Will    .....                    (no boots)
Stlth   +++.......               (no amulet)
HPRegen 0.06/turn                (no ring)
MPRegen 0.10/turn                (no ring)

@: no status effects
A: small, no large weapons, nightstalker 3
a: no special abilities


You were on level 2 of the Dungeon.
You visited 1 branch of the dungeon, and saw 2 of its levels.

You collected 6 gold pieces.

Inventory:

Hand Weapons
 d - a +0 dagger (weapon)
Armour
 a - a +0 robe (worn)
Scrolls
 g - a scroll of torment
 h - a scroll of teleportation {unknown}
Potions
 b - a potion of magic
 c - a potion of heal wounds {unknown}
 e - a potion of might
 f - a potion of berserk rage
 i - a potion of curing {unknown}


   Skills:
 + Level 0.4 Fighting
 + Level 0.1 Short Blades
 + Level 0.3 Maces & Flails
 + Level 2.5 Dodging
 + Level 3.0 Stealth
 + Level 2.3 Spellcasting
 + Level 4.5 Summonings


You couldn't memorise any spells.
You knew the following spells:

 Your Spells              Type           Power      Damage    Failure   Level
a - Summon Small Mammal   Summ           72%        N/A       2%          1
b - Call Imp              Summ           18%        N/A       4%          2
c - Call Canine Familiar  Summ           18%        N/A       9%          3

Your spell library contained the following spells:

 Spells                   Type           Power      Damage    Failure   Level
 Summon Guardian Golem    Hex/Summ       10%        N/A       21%         3
 Summon Lightning Spire   Summ/Air       10%        N/A       56%         4


Dungeon Overview and Level Annotations

Branches:
Dungeon (2/15)

Altars:


Innate Abilities, Weirdness & Mutations

You are small and have problems with some larger weapons.
You are completely attuned to the shadows.


Message History

Your hound's corpse disappears in a puff of smoke!
Unknown command.
Your white imp gestures at the orc priest.
The puff of frost hits the orc priest!
The orc priest begins to cast a cantrip, but forgets the words!
Unknown command.
The orc priest barely misses your white imp.
Your white imp gestures at the orc priest.
The puff of frost hits the orc priest.
Unknown command.
Your white imp hits the orc priest but does no damage.
The orc priest barely misses your white imp.
Unknown command.
Your white imp hits the orc priest but does no damage.
The orc priest hits your white imp with a +0 flail.
Unknown command.
The orc priest mumbles some strange prayers to Beogh against your white imp.
Your white imp is smitten.
Your white imp dies!
Your white imp disappears in a puff of smoke!
Unknown command.
Casting: Call Imp (safe; 4% risk of failure)
Confirm with . or Enter, or press ? or * to list all spells.
You don't have enough magic to cast this spell.
The orc priest mumbles some strange prayers to Beogh against you.
Pain shoots through your body!
The orc priest looks braver for a moment.
The orc misses you.
You hit the orc priest but do no damage.
The orc priest is severely wounded.
The orc barely misses you. The orc priest closely misses you.
You hit the orc priest.
The orc priest is almost dead.
The orc hits you from afar with a +0 vorpal trident.
The orc priest hits you with a +0 flail.
* * * LOW HITPOINT WARNING * * *
You barely miss the orc priest.
The orc priest is almost dead.
The orc hits you from afar with a +0 vorpal trident!
You die...

#.# ....
..... ..#.
#.#.# ...
#.#.#
..#o##.#<#
...oo@...#
.#####$#.#
.....#.#
######.#
#.#


You could see an orc priest and 2 orcs.

Vanquished Creatures
  A bat (D:1)
  An endoplasm (D:1)
  A giant cockroach (D:1)
  4 goblins (D:1)
  2 jackals (D:1)
  A quokka (D:1)
  4 ball pythons (D:1)
  2 rats (D:1)
16 creatures vanquished.

Vanquished Creatures (collateral kills)
  An orc (D:2)
  A giant cockroach (D:1)
  A jackal (D:1)
  A kobold (D:1)
4 creatures vanquished.

Vanquished Creatures (others)
  A demonic plant (D:1)
1 creature vanquished.

Grand Total: 21 creatures vanquished

Notes
Turn   | Place    | Note
-------+----------+-------------------------------------------
     0 | D:1      | LnG the Kobold Summoner began the quest for the Orb.
     0 | D:1      | Reached XP level 1. HP: 10/10 MP: 3/3
   222 | D:1      | Reached XP level 2. HP: 8/15 MP: 3/5
   444 | D:1      | Learned a level 2 spell: Call Imp
   714 | D:1      | Reached XP level 3. HP: 20/20 MP: 6/6
   718 | D:1      | Learned a level 3 spell: Call Canine Familiar
  1147 | D:1      | Found a faded altar of an unknown god.
  1370 | D:2      | Slain by an orc

Illustrated notes

Levels and vault maps discovered:
D:1:      sevenhm_arrival_forest_fort_small_3, layout_basic,
          dreamdust_ecumenical_altar_sealed_demon, nicolae_eternal_life
D:2:      layout_basic, basic_altar

Skill      XL: |  1  2  3 |
---------------+----------+-----
Stealth        | 3 |  3.0
Fighting       | |  0.4
Short Blades   | |  0.1
Maces & Flails | |  0.3
Dodging        | |  2.5
Spellcasting   | |  2.3
Summonings     | |  4.5

Action                   || total
-------------------------++-------
Melee: Unarmed           ||     4
       Whip              ||     4
       Dagger            ||    47
 Cast: Summon Small Mamm ||     7
       Call Imp          ||     5
       Call Canine Famil ||     1
  Use: Scroll            ||     3
 Stab: Sleeping          ||     7
Armor: Robe              ||     7
Dodge: Dodged            ||    47

Table legend: (Time is in decaauts)
 A = Elapsed time spent in this place.
 B = Non-inter-level travel time spent in this place.
 C = Inter-level travel time spent in this place.
 D = Time resting spent in this place.
 E = Time spent auto-exploring this place.
 F = Levels seen in this place.
 G = Mean time per level.
                   A        B        C        D        E       F      G
               +--------+--------+--------+--------+--------+-----+--------+
         Total |   1369 |   1350 |     19 |    143 |    953 |   2 |  684.5 |
       Dungeon |   1369 |   1350 |     19 |    143 |    953 |   2 |  684.5 |
               +--------+--------+--------+--------+--------+-----+--------+

Top non-repeatable levels by time:
     D:1: 1343 daAuts
     D:2: 25 daAuts
